 Dungeon Crawl Stone Soup version 0.28.0-43-g3370ac3207 (webtiles) character file.

Game seed: 3182423949802547346

49 safid the Skirmisher (level 3, -3/33 HPs)
             Began as a Hill Orc Fighter on Mar 22, 2022.
             Slain by a gnoll
             ... wielding a +0 club
              (4 damage)
             ... on level 2 of the Dungeon on Mar 23, 2022.
             The game lasted 00:01:24 (1232 turns).

safid the Skirmisher (Hill Orc Fighter)             Turns: 1232, Time: 00:01:25

Health: -3/33      AC:  7    Str: 20    XL:     3   Next: 75%
Magic:  3/3        EV:  9    Int:  8    God:
Gold:   56         SH:  4    Dex: 10    Spells: 2/2 levels left

rFire   . . .      SeeInvis .   a - +0 war axe
rCold   . . .      Faith    .   c - +0 buckler
rNeg    . . .      Spirit   .   b - +0 scale mail
rPois   .          Reflect  .   (no helmet)
rElec   .          Harm     .   (no cloak)
rCorr   .          Rampage  .   (no gloves)
Will    .....                   (no boots)
Stlth   ..........              (no amulet)
HPRegen 0.11/turn               (no ring)
MPRegen 0.08/turn               (no ring)

@: no status effects
A: no striking features
a: no special abilities


You were on level 2 of the Dungeon.
You visited 1 branch of the dungeon, and saw 2 of its levels.

You collected 56 gold pieces.

Inventory:

Hand Weapons
 a - a +0 war axe (weapon)
Armour
 b - a +0 scale mail (worn)
 c - a +0 buckler (worn)
Scrolls
 e - a scroll of fear {unknown}
 f - 2 scrolls of identify {unknown}
Potions
 d - a potion of might
 g - a potion of haste {unknown}
 h - a potion of curing {unknown}
 i - 2 potions of heal wounds {unknown}


   Skills:
 - Level 4.0 Fighting
 + Level 3.6 Axes
 + Level 3.9 Armour
 + Level 3.8 Shields


You had 2 spell levels left.
You didn't know any spells.
Your spell library was empty.

Dungeon Overview and Level Annotations

Branches:
Dungeon (2/15)

Altars:
Ru


Message History

You closely miss the adder.
The adder is moderately wounded.
You feel sick. You block the adder's attack. The adder completely misses you.
You hit the adder.
The adder is moderately wounded.
You feel sick.
You are no longer poisoned.
A gnoll comes into view. It is wielding a +0 club.
You block the adder's attack.
You closely miss the adder.
The adder is moderately wounded.
The gnoll shouts!
The adder bites you but does no damage. The adder barely misses you.
You miss the adder.
The adder is moderately wounded.
The adder barely misses you. The adder bites you but does no damage.
You closely miss the adder.
The adder is moderately wounded.
The adder bites you. The adder bites you but does no damage.
You hit the adder.
The adder is almost dead.
The adder barely misses you. You block the adder's attack.
You hit the adder.
You kill the adder!
You hit the gnoll.
The gnoll is heavily wounded.
The gnoll hits you with a +0 club. x2
You are too injured to fight recklessly!
You are too injured to fight recklessly!
You are too injured to fight recklessly!
You barely miss the gnoll.
The gnoll is heavily wounded.
The gnoll hits you with a +0 club!
* * * LOW HITPOINT WARNING * * *
You hit the gnoll but do no damage.
The gnoll is heavily wounded.
The gnoll hits you with a +0 club.
* * * LOW HITPOINT WARNING * * *
The gnoll hits you with a +0 club.
You die...

..#### .......# #.#
#..# #.# #..#########
#.# #........... #.#
##.###......
#.####.###...##.
##.#####.##.....##.###.
#....g@.....###.##.##..
#..#####<...# #.....#..
#.....#.###.##..#).
....................
..............##<.#.#
....###.#.###.....#.#
##.. #.#.# #####)#.# #.
#.#.# #.#.# #.#.#


You could see a gnoll.

Vanquished Creatures
  A gnoll (D:1)
  An adder (D:2)
  A dart slug (D:1)
  5 bats
  5 goblins
  2 hobgoblins (D:1)
  2 quokkas (D:1)
  3 ball pythons (D:1)
  2 frilled lizards (D:1)
  3 kobolds (D:1)
  4 rats (D:1)
29 creatures vanquished.

Notes
Turn   | Place    | Note
-------+----------+-------------------------------------------
     0 | D:1      | safid the Hill Orc Fighter began the quest for the Orb.
     0 | D:1      | Reached XP level 1. HP: 19/19 MP: 1/1
     1 | D:1      | Noticed an electric eel
    51 | D:1      | Reached XP level 2. HP: 23/27 MP: 2/2
   227 | D:1      | Found a faded altar of an unknown god.
   537 | D:1      | Reached skill level 4 in Fighting
   650 | D:1      | Reached XP level 3. HP: 33/33 MP: 3/3
  1206 | D:2      | Found a sacrificial altar of Ru.
  1232 | D:2      | HP: 1/33 [gnoll/+0 club (4)]
  1232 | D:2      | Slain by a gnoll

Illustrated notes

Levels and vault maps discovered:
D:1:      arrival_aquarium_a, layout_loops_cross,
          hellmonk_ecumenical_altar_arch_garden, chequers_hall_statues_corner_a,
          minmay_pentomino_v4
D:2:      layout_loops_ring, basic_altar, kennysheep_generic_room_13

Skill      XL: |  1  2 |
---------------+-------+-----
Axes           | 3 |  3.6
Fighting       | 4 |  4.0
Armour         | |  3.9
Shields        | |  3.8

Action                   || total
-------------------------++-------
Melee: War axe           ||    62
Armor: Scale mail        ||    20
Dodge: Dodged            ||    23
Block: Buckler           ||    14
